 Dungeon Crawl Stone Soup version 0.31-a0-222-gefeffbb62a (webtiles) character file.

Game seed: 12053902352347807724

503 qw the Chopper (level 7, 0/43 HPs)
             Began as a Gargoyle Fighter on July 4, 2023.
             Was an Initiate of Okawaru.
             Slain by Pikel
             ... wielding a +2 whip of flaming
              (1 damage)
             ... on level 5 of the Dungeon.
             The game lasted 00:01:53 (3821 turns).

qw the Chopper (Gargoyle Fighter)                   Turns: 3821, Time: 00:01:54

Health: 0/43       AC: 11    Str: 18    XL:     7   Next: 17%
Magic:  7/7        EV:  9    Int: 13    God:    Okawaru [......]
Gold:   190        SH:  4    Dex:  8    Spells: 6/6 levels left

rFire   . . .        Y - +0 war axe
rCold   . . .        c - +0 buckler
rNeg    + . .        b - +0 scale mail
rPois   inf          (helmet restricted)
rElec   +            (no cloak)
rCorr   .            (no gloves)
SInv    .            (no boots)
Will    .....        (no amulet) Stlth
                     (no ring)
HPRegen 0.27/turn    (no ring)
MPRegen 0.10/turn

%: no passive effects
@: no status effects
A: sickness immunity, AC +4, negative energy resistance 1, electricity
resistance, torment resistance 1, petrification resistance, horns 1, clever 1,
weak 1, wild magic 1
a: Renounce Religion


You were on level 5 of the Dungeon.
You worshipped Okawaru.
Okawaru was noncommittal.
You visited 2 branches of the dungeon, and saw 6 of its levels.

You collected 190 gold pieces.


Innate Abilities, Weirdness & Mutations

You are immune to sickness and miasma.
Your stone body is resilient. (AC +4)
You are immune to poison.
You resist negative energy. (rN+)
You are resistant to electric shocks. (rElec)
You are resistant to unholy torment.
You are immune to petrification.
You have a pair of small horns on your head.
Your mind is acute. (Int +4, Str/Dex -1)
You are weak. (Str -2)
Your spells are a little harder to cast, but a little more powerful.


   Skills:
 - Level 4.0 Fighting
 + Level 6.4 Axes
 - Level 3.2 Armour
 - Level 1.0 Dodging
 - Level 3.2 Shields


You had 6 spell levels left.
You didn't know any spells.
Your spell library was empty.

Inventory:

Hand Weapons
 e - a +0 flail
 Y - a +0 war axe (weapon)
Armour
 b - a +0 scale mail (worn)
 c - a +0 buckler (worn)
Jewellery
 a - a ring of ice
Scrolls
 g - a scroll of identify
Potions
 d - 3 potions of might
 f - a potion of berserk rage {unknown}
 j - 2 potions of curing
 k - a potion of brilliance {unknown}

Dungeon Overview and Level Annotations

Branches:
Dungeon (5/15)             Temple (1/1) D:4

Altars:
Ashenzari
Cheibriados
Dithmenos
Elyvilon
Fedhas
Hepliaklqana
Kikubaaqudgha
Okawaru
Ru
Trog
Vehumet
Wu Jian
Xom
Yredelemnul
Zin
The Shining One

Annotations:
D:5 Pikel


Message History

Pikel hits you with a +2 whip of flaming!
Pikel burns you. The lemure closely misses you.
Pikel hits you but does no damage.
3815 ||| DRINKING potion of heal wounds.
You feel much better. The lemure barely misses you.
Pikel hits you with a +2 whip of flaming.
Pikel burns you.
You slash Pikel!
Pikel is severely wounded.
You hit the lemure. The lemure hits you! Pikel waves his whip at you.
You block Pikel's attack.
You hit Pikel but do no damage.
Pikel is severely wounded.
You closely miss the lemure. The lemure barely misses you.
Pikel says, "You'll feel the lick of my whip!"
Pikel barely misses you.
You barely miss Pikel.
Pikel is severely wounded.
You slash the lemure!
You kill the lemure!
That felt strangely unrewarding.
You block Pikel's attack.
You barely miss Pikel.
Pikel is severely wounded.
Pikel hits you with a +2 whip of flaming!
Pikel burns you.
Pikel hits you with a +2 whip of flaming.
Pikel burns you.
You closely miss Pikel.
Pikel is severely wounded.
Pikel hits you but does no damage.
You miss Pikel. You headbutt Pikel.
Pikel is severely wounded.
Pikel hits you with a +2 whip of flaming.
Pikel burns you.
You die...

# .# . ##### .#
#...# #S#
#...###K5#
#...##@# #...##.#
#...#.##
#########..##.##
...............+
#########<.##.##
#....#.#
#########....##.
.......<#%...##.#


You could see Pikel, a lemure and an adder.

Vanquished Creatures
  Eustachio (D:4)
  A black bear (D:5)
  A lemure (D:5)
  A scorpion (D:4)
  A howler monkey (D:4)
  A sleepcap (D:4)
  An iguana (D:4)
  A gnoll (D:1)
  4 adders
  A worm (D:3)
  2 dart slugs
  2 orcs
  12 endoplasms
  2 giant cockroaches
  10 goblins
  5 hobgoblins
  7 quokkas
  6 ball pythons
  3 bats
  3 frilled lizards
  5 kobolds
  4 rats
74 creatures vanquished.

Notes
Turn   | Place    | Note
-------+----------+-------------------------------------------
     0 | D:1      | qw the Gargoyle Fighter began the quest for the Orb.
     0 | D:1      | Reached XP level 1. HP: 14/14 MP: 1/1
     0 | D:1      | 0 ||| qw: Version: 0.3-a-46-gb1f654a
     0 | D:1      | 0 ||| qw: Game counter: 946
     0 | D:1      | 0 ||| qw: Melee chars always use a shield: true
     0 | D:1      | 0 ||| qw: God list: Okawaru
     0 | D:1      | 0 ||| qw: Allow faded altars: false
     0 | D:1      | 0 ||| qw: Do Orc after clearing Dungeon:15 true
     0 | D:1      | 0 ||| qw: Do second Lair branch before Depths: true
     0 | D:1      | 0 ||| qw: Lair rune preference: random
     0 | D:1      | 0 ||| qw: Goals: Normal, Zot:1-4, Slime:5, God:TSO, Crypt,
                  | Tomb, Abyss, Pan, Hells, Win
     0 | D:1      | 0 ||| PLANNING D:1-11
    72 | D:1      | Reached skill level 2 in Axes
   135 | D:1      | Found a faded altar of an unknown god.
   192 | D:1      | Reached XP level 2. HP: 19/19 MP: 2/2
   414 | D:1      | Reached skill level 3 in Axes
   414 | D:1      | Reached XP level 3. HP: 9/23 MP: 3/3
   670 | D:1      | 670 ||| READING scroll labelled JUREUDAECK.
   671 | D:1      | 671 ||| READING 3 scrolls labelled ATOQIJ DOVVUTS.
   672 | D:1      | 672 ||| DRINKING 3 brown potions.
   673 | D:1      | 673 ||| READING 2 scrolls of identify.
   673 | D:1      | 673 ||| IDENTIFYING inky potion
   674 | D:1      | 674 ||| DROPPING potion of ambrosia.
  1042 | D:2      | 1042 ||| Stepping ~*~*~tactically~*~*~ (hiding).
  1116 | D:2      | 1116 ||| Stepping ~*~*~tactically~*~*~ (hiding).
  1505 | D:2      | 1505 ||| READING scroll labelled SIATUY FAATWA.
  1508 | D:2      | 1508 ||| READING 2 scrolls of identify.
  1508 | D:2      | 1508 ||| IDENTIFYING puce potion
  1544 | D:3      | 1544 ||| DROPPING +2 whip of electrocution.
  1594 | D:3      | Reached XP level 4. HP: 28/28 MP: 4/4
  1740 | D:3      | 1740 ||| DROPPING +0 mace.
  1815 | D:3      | 1815 ||| Stepping ~*~*~tactically~*~*~ (stealth).
  1816 | D:3      | 1816 ||| Stepping ~*~*~tactically~*~*~ (stealth).
  1852 | D:3      | Reached skill level 4 in Axes
  2426 | D:3      | 2426 ||| READING scroll labelled XOYJI OGACES.
  2427 | D:3      | 2427 ||| DRINKING 2 bubbling inky potions.
  2427 | D:3      | Gained mutation: You are vulnerable to heat. (rF-) [potion
                  | of mutation]
  2427 | D:3      | Gained mutation: Your muscles are strong. (Str +4, Int/Dex
                  | -1) [potion of mutation]
  2427 | D:3      | Gained mutation: Your spells are a little harder to cast,
                  | but a little more powerful. [potion of mutation]
  2428 | D:3      | 2428 ||| DRINKING potion of mutation.
  2428 | D:3      | Lost mutation: You are vulnerable to heat. (rF-) [potion of
                  | mutation]
  2428 | D:3      | Lost mutation: Your muscles are strong. (Str +4, Int/Dex
                  | -1) [potion of mutation]
  2428 | D:3      | Gained mutation: You have hidden genetic potential. [potion
                  | of mutation]
  2428 | D:3      | Gained mutation: You are weak. (Str -2) [potion of
                  | mutation]
  2473 | D:4      | 2473 ||| STAIRDANCE
  2622 | D:4      | Reached XP level 5. HP: 31/32 MP: 5/5
  2690 | D:4      | Reached skill level 5 in Axes
  2695 | D:4      | Gained mutation: You have a pair of small horns on your
                  | head. [hidden potential]
  2757 | D:4      | Found the +11 plutonium sword {Contam Stlth-}
  2774 | D:4      | Noticed Eustachio
  2792 | D:4      | Reached XP level 6. HP: 24/38 MP: 6/6
  2794 | D:4      | HP: 6/38 [Eustachio/+0 rapier (6)]
  2795 | D:4      | 2795 ||| READING scroll of teleportation.
  2796 | D:4      | 2796 ||| DRINKING 3 potions of heal wounds.
  2940 | D:4      | Killed Eustachio
  2941 | D:4      | Reached skill level 6 in Axes
  2956 | D:4      | Gained mutation: Your mind is acute. (Int +4, Str/Dex -1)
                  | [hidden potential]
  2956 | D:4      | Lost mutation: You have hidden genetic potential. [hidden
                  | potential expressed]
  3124 | D:4      | Found a staircase to the Ecumenical Temple.
  3125 | D:4      | 3125 ||| PLANNING TEMPLE
  3125 | D:4      | 3125 ||| DROPPING orb of mayhem.
  3126 | D:4      | 3126 ||| READING scroll labelled YVOIHI RYHARIU.
  3126 | D:4      | Identified a scroll of acquirement
  3126 | D:4      | 3126 ||| ACQUIRING ring of ice
  3126 | D:4      | Acquired a ring of ice
  3127 | D:4      | 3127 ||| READING scroll labelled REAJUR DAXUHATZ.
  3136 | Temple   | Entered the Ecumenical Temple
  3205 | Temple   | 3205 ||| PLANNING OKAWARU WORSHIP
  3279 | Temple   | Became a worshipper of Warmaster Okawaru
  3280 | Temple   | 3280 ||| PLANNING D:1-11
  3462 | D:4      | Reached skill level 1 in Dodging
  3715 | D:5      | Entered Level 5 of the Dungeon
  3716 | D:5      | 3716 ||| PLANNING OSSUARY
  3717 | D:5      | Noticed a black bear
  3730 | D:5      | Killed a black bear
  3731 | D:5      | Reached XP level 7. HP: 31/43 MP: 7/7
  3788 | D:5      | Noticed Pikel
  3805 | D:5      | HP: 9/43 [lemure[Pikel] (6)]
  3806 | D:5      | 3806 ||| DRINKING 2 potions of heal wounds.
  3814 | D:5      | HP: 2/43 [Pikel/+2 whip of flaming (10)]
  3815 | D:5      | 3815 ||| DRINKING potion of heal wounds.
  3819 | D:5      | HP: 8/43 [Pikel/+2 whip of flaming (9)]
  3819 | D:5      | HP: 3/43 [Pikel/+2 whip of flaming (3)]
  3821 | D:5      | HP: 1/43 [Pikel/+2 whip of flaming (1)]
  3821 | D:5      | Slain by Pikel

Levels and vault maps discovered:
D:1:      grunt_arrival_crossed_arrows, layout_rooms,
          ebering_ecumenical_altar_hall, minmay_misc_feat_encased,
          minmay_misc_feat_tiny
D:2:      layout_basic, minmay_misc_feat_rows
D:3:      layout_basic, minmay_misc_feat_cross
D:4:      layout_layer_cave, minmay_temple_entry_stoned_glass, minivault_1,
          uniq_eustachio
D:5:      cheibrodos_quashed, layout_basic, minitemple,
          nicolae_ossuary_entry_plus, dreamdust_princess_bridge,
          interstate_on_off, uniq_pikel
Temple:   regret_index_temple_sphere_string

Skill      XL: |  1  2  3  4  5  6 |
---------------+-------------------+-----
Axes           | 2 3 4 5 6 |  6.4
Fighting       | 4 |  4.0
Dodging        | 1 |  1.0
Armour         | |  3.2
Shields        | |  3.2

Action                     |  1- 3 |  4- 6 |  7- 9 || total
---------------------------+-------+-------+-------++-------
  Melee: War axe           |   110 |   165 |    31 ||   306
         Headbutt          |       |    14 |     7 ||    21
    Use: Scroll            |     5 |     4 |       ||     9
         Potion            |     1 |     3 |     2 ||     6
 Armour: Scale mail        |    43 |   161 |    14 ||   218
  Dodge: Dodged            |    52 |   131 |    18 ||   201
  Block: Buckler           |    20 |    43 |     4 ||    67

Table legend:
 A = Non-vault XP
 B = Vault XP
 C = Vault XP percentage of total XP
 D = Non-vault monster count
 E = Vault monster count
 F = Vault count percentage of total count
                 A         B        C        D         E       F
            +---------+---------+-------+---------+---------+-------
      Total |     522 |     197 |  27.4 |      72 |       1 |   1.4
            +---------+---------+-------+---------+---------+-------
        D:1 |      41 |       0 |   0.0 |      17 |       0 |   0.0
        D:2 |      35 |       0 |   0.0 |      11 |       0 |   0.0
        D:3 |      53 |       0 |   0.0 |      22 |       0 |   0.0
        D:4 |     267 |     197 |  42.5 |      21 |       1 |   4.5
        D:5 |     126 |       0 |   0.0 |       1 |       0 |   0.0
            +---------+---------+-------+---------+---------+-------
